Map: Central Protocol

Players

ØutøfÇôntrôl - Winner!

  • Race: Zerg Zerg
  • League: Gold

lesha

  • Race: Terran Terran
  • League: Silver

VOD

Have the link to the VOD?

Description

Time

  • Played on: Dec. 28, 2015, 10:19 a.m.
  • Length: 4:29
Show
View Real Time Build Order
Export as new Build Order

ØutøfÇôntrôl Zerg - Winner!

Build Orders: Pool First 

Get SALT Encoding   

  12  0:01  Drone  
  13  0:13  Overlord  
  13  0:17  Drone  
  14  0:31  Drone x2  
  16  0:36  Extractor  
  16  0:39  Drone  
  16  0:48  Spawning Pool  
  15  0:51  Drone  
  15  0:56  Drone  
  17  1:07  Drone  
  18  1:19  Drone  
  19  1:28  Hatchery  
  19  1:32  Drone  
  19  1:39  Metabolic Boost  
  19  1:45  Overlord  
  19  1:55  Zergling x2  
  19  1:57  Queen  
  22  2:05  Zergling x2  
  23  2:13  Zergling x2  
  24  2:32  Queen  
  24  2:36  Zergling x2  
  28  2:37  Zergling x2  
  28  2:46  Zergling x2  
  28  2:47  Zergling x2  
  30  3:05  Drone x3  
  32  3:06  Drone x3  
  32  3:11  Overlord  
  35  3:42  Zergling x10  
  35  3:43  Zergling x2  
  41  3:50  Drone x3  
  41  3:51  Overlord x2  
Show
View Real Time Build Order
Export as new Build Order

lesha Terran 

Build Orders: Reaper Expand 

Get SALT Encoding   

  12  0:02  SCV  
  13  0:16  SCV  
  13  0:21  Supply Depot  
  14  0:28  SCV  
  15  0:43  SCV, Barracks  
  15  0:49  Refinery  
  16  0:55  SCV  
  17  1:07  SCV  
  18  1:19  SCV  
  19  1:31  Orbital Command  
  19  1:34  Reaper  
  20  1:44  Command Center  
  20  2:01  SCV  
  21  2:02  Supply Depot  
  21  2:06  Barracks Reactor  
  21  2:13  SCV  
  22  2:23  Barracks  
  22  2:24  Refinery  
  22  2:29  SCV  
  23  2:41  SCV  
  23  2:43  Factory  
  24  2:53  SCV  
  24  3:06  Marine  
  25  3:15  SCV x2  
  26  3:42  Marine  
  26  3:44  Marine  
  26  3:46  Hellion  
  30  3:49  Marine  
Tags
 
Add a new tag
Caveats
  • Supply blocks, unpowered buildings, or Contaminate may cause inaccurate times.
  • Supply counts are checked every 10 seconds.